 Dungeon Crawl Stone Soup version 0.29.1-13-g9f3cf754e1 (webtiles) character file.

Game seed: 16365814601823455620

928 GeoRichter the Cutter (level 8, -6/43 HPs)
             Began as a Vine Stalker Monk on Jan 30, 2023.
             Was an Initiate of Gozag.
             Killed from afar by a steam dragon (12 damage)
             ... with a ball of steam
             ... on level 6 of the Dungeon.
             The game lasted 00:10:22 (5002 turns).

GeoRichter the Cutter (Vine Stalker Monk)           Turns: 5002, Time: 00:10:23

Health: -6/43      AC:  7    Str: 13    XL:     8   Next: 11%
Magic:  0/9        EV: 14    Int: 10    God:    Gozag
Gold:   506        SH:  0    Dex: 20    Spells: 7/7 levels left

rFire   . . .      SeeInvis .   a - +0 dagger (vamp) {!w}
rCold   . . .      Faith    .   (no shield)
rNeg    . . .      Spirit   +   p - +0 scale mail
rPois   .          Reflect  .   (no helmet)
rElec   .          Harm     .   E - +0 cloak
rCorr   .          Rampage  .   (no gloves)
Will    ++...                   (no boots)
Stlth   ++........              e - amulet of magic regeneration
HPRegen 0.94/turn               B - +4 ring of evasion
MPRegen 0.51/turn               v - ring of willpower

@: no status effects
A: fangs 3, regeneration 1, magic shield, antimagic bite, no potion heal 2
a: Renounce Religion, Potion Petition, Call Merchant, Bribe Branch


You were on level 6 of the Dungeon.
You worshipped Gozag.
Gozag was pleased with you.
You visited 2 branches of the dungeon, and saw 7 of its levels.

You collected 506 gold pieces.

Inventory:

Hand Weapons
 a - a +0 vampiric dagger (weapon) {!w}
   (You took it off an orc wizard on level 5 of the Dungeon)
Missiles
 m - 9 silver javelins (quivered)
Armour
 g - a +0 helmet
   (You found it on level 1 of the Dungeon)
 n - a scarf of repulsion
   (You found it on level 1 of the Dungeon)
 p - a +0 scale mail (worn)
   (You found it on level 2 of the Dungeon)
 E - a +0 cloak (worn)
   (You took it off Crazy Yiuf on level 5 of the Dungeon)
Jewellery
 e - an amulet of magic regeneration (around neck)
   (You found it on level 1 of the Dungeon)
 o - a ring of protection from cold
   (You found it on level 2 of the Dungeon)
 v - a ring of willpower (right hand)
   (You found it on level 4 of the Dungeon)
 B - a +4 ring of evasion (left hand)
   (You found it on level 5 of the Dungeon)
Wands
 b - a wand of paralysis (4)
   (You found it on level 3 of the Dungeon)
 A - a wand of digging (16)
   (You found it on level 5 of the Dungeon)
Scrolls
 d - a scroll of summoning
 f - 6 scrolls of teleportation {@r4}
 j - 2 scrolls of blinking
 l - a scroll of vulnerability {!r}
 w - a scroll of enchant armour {unknown}
 x - a scroll of acquirement {unknown}
 y - a scroll of immolation {unknown}
 z - a scroll of enchant weapon {unknown}
 C - a scroll of noise {unknown}
Potions
 c - 2 potions of ambrosia
 h - 2 potions of curing {unknown}
 i - a potion of lignification {unknown}
 k - a potion of magic {unknown}
 q - 3 potions of brilliance
 r - a potion of mutation {unknown}
 s - a potion of berserk rage {unknown}
 t - a potion of flight {unknown}
 u - a potion of resistance {unknown}
 D - a potion of haste {@q3}
 F - a potion of cancellation {unknown}


   Skills:
 + Level 5.1 Fighting
 * Level 6.9 Short Blades
 + Level 1.2 Throwing
 - Level 2.4 Dodging
 - Level 4.0 Stealth


You had 7 spell levels left.
You didn't know any spells.
Your spell library contained the following spells:

 Spells                   Type           Power      Damage    Failure   Level
 Magic Dart               Conj           0%         1d3       88%         1
 Ensorcelled Hibernation  Hex/Ice        0%         N/A       96%         2
 Passwall                 Tmut/Erth      0%         N/A       96%         2
 Searing Ray              Conj           0%         2d4       96%         2
 Swiftness                Air            0%         N/A       99%         3
 Fulminant Prism          Conj/Hex       0%         3d6       100%        4


Dungeon Overview and Level Annotations

Branches:
Dungeon (6/15) Zot: 26896  Temple (1/1) D:4 Zot: 5840

Altars:
Ashenzari
Cheibriados
Dithmenos
Elyvilon
Fedhas
Gozag
Kikubaaqudgha
Makhleb
Nemelex Xobeh
Okawaru
Qazlal
Sif Muna
Uskayaw
Wu Jian
Xom
Yredelemnul
Zin
The Shining One


Innate Abilities, Weirdness & Mutations

You have razor-sharp teeth.
Your natural rate of healing is unusually fast.
When hurt, damage is shared between your health and your magic reserves.
Your bite disrupts and absorbs the magic of your enemies.
Potions cannot restore your health.


Message History

Your bite misses the steam dragon. The steam dragon breathes steam at you.
The ball of steam hits you!
You hit the steam dragon but do no damage.
Your bite misses the steam dragon.
You are engulfed in a cloud of scalding steam.
* * * LOW HITPOINT WARNING * * *
The steam dragon bites you.
* * * LOW HITPOINT WARNING * * *
The steam dragon claws you but does no damage.
The steam dragon bites you.
* * * LOW HITPOINT WARNING * * *
The steam dragon misses you.
You closely miss the steam dragon. You bite the steam dragon.
You drain its power.
You feel invigorated.
You hit the steam dragon.
You feel better. The steam dragon closely misses you.
The steam dragon claws you but does no damage.
You hit the steam dragon.
You feel better.
You bite the steam dragon. You drain its power.
You feel invigorated. The steam dragon closely misses you.
The steam dragon misses you.
You hit the steam dragon but do no damage.
You bite the steam dragon, but do no damage.
You hit the steam dragon but do no damage.
You bite the steam dragon. You drain its power.
You feel invigorated. The steam dragon bites you!
* * * LOW HITPOINT WARNING * * *
The steam dragon barely misses you.
A phantom comes into view.
You hit the steam dragon but do no damage.
Your bite misses the steam dragon. You hit the steam dragon.
Your bite misses the steam dragon. The steam dragon breathes steam at you.
The ball of steam hits you!
* * * LOW HITPOINT WARNING * * *
The steam dragon bites you!
* * * LOW HITPOINT WARNING * * *
The steam dragon claws you but does no damage.
You hit the steam dragon but do no damage.
You bite the steam dragon. You drain its power.
You feel invigorated. The steam dragon closely misses you.
The steam dragon barely misses you.
The steam dragon attacks as you move away!
The steam dragon bites you.
* * * LOW HITPOINT WARNING * * *
The steam dragon claws you but does no damage.
You hit the steam dragon but do no damage.
You bite the steam dragon. You drain its power.
You feel invigorated. The steam dragon breathes steam at you.
The ball of steam hits you!!
You die...
Your body crumbles into a pile of gold.

#......8.........#..##..
...................###..
.......8......#.....###.
.......$..>.# ##...##...
.....W......###...#####.
#........§§§.....## ##
###........§..§...### #
##..##D§§##.......#
###!@..##........##
#...##..........#
##.###.......#..# ###
##..##..#.## #####.####
###


You could see a steam dragon (catching breath).

Vanquished Creatures
  3 phantoms
  A bullfrog (D:6)
  2 scorpions
  A jelly (D:5)
  Crazy Yiuf (D:5)
  An orc priest (D:5)
  3 hounds
  4 iguanas
  An orc wizard (D:5)
  3 gnolls (D:3)
  5 adders
  A white imp (D:5)
  3 ufetubi (D:5)
  2 worms
  5 dart slugs
  10 orcs
  10 ball pythons
  5 endoplasms
  2 giant cockroaches (D:3)
  6 goblins
  12 hobgoblins
  7 jackals
  7 kobolds
  4 quokkas
  4 bats
  2 frilled lizards
  3 rats
108 creatures vanquished.

Vanquished Creatures (others)
  6 plants (D:2)
6 creatures vanquished.

Grand Total: 114 creatures vanquished

Notes
Turn   | Place    | Note
-------+----------+-------------------------------------------
     0 | D:1      | GeoRichter the Vine Stalker Monk began the quest for the
                  | Orb.
     0 | D:1      | Reached XP level 1. HP: 11/11 MP: 2/2
   278 | D:1      | Reached XP level 2. HP: 16/16 MP: 3/3
   546 | D:1      | Reached skill level 3 in Short Blades
   546 | D:1      | Reached XP level 3. HP: 18/19 MP: 4/4
   600 | D:1      | You fall into a shaft and drop 1 floor!
  1624 | D:2      | Gained mutation: Your natural rate of healing is unusually
                  | fast. [Vine Stalker growth]
  1624 | D:2      | Reached XP level 4. HP: 6/24 MP: 3/5
  1898 | D:2      | Found a faded altar of an unknown god.
  2022 | D:3      | Found an iron altar of Okawaru.
  2149 | D:3      | Reached skill level 4 in Short Blades
  2184 | D:3      | Noticed a phantom
  2217 | D:3      | Killed a phantom
  2218 | D:3      | Reached XP level 5. HP: 16/28 MP: 4/6
  2462 | D:3      | Found a broken altar of Ashenzari.
  2602 | D:3      | Found a hide-covered altar of Uskayaw.
  2863 | D:4      | Reached XP level 6. HP: 23/33 MP: 4/7
  2948 | D:4      | Found a staircase to the Ecumenical Temple.
  2964 | Temple   | Entered the Ecumenical Temple
  2964 | Temple   | Found a transporter.
  2964 | Temple   | Found a transporter.
  2966 | Temple   | Found a transporter.
  2966 | Temple   | Found a transporter.
  3103 | Temple   | Became a worshipper of Gozag Ym Sagoz the Greedy
  3178 | D:4      | Reached skill level 5 in Short Blades
  3590 | D:4      | Reached XP level 7. HP: 28/38 MP: 8/8
  3747 | D:5      | Entered Level 5 of the Dungeon
  3805 | D:5      | Found a runed translucent door.
  3806 | D:5      | Noticed Crazy Yiuf
  3894 | D:5      | Reached skill level 6 in Short Blades
  4409 | D:5      | Found a shadowy altar of Dithmenos.
  4721 | D:5      | Found a burning altar of Makhleb.
  4851 | D:5      | Killed Crazy Yiuf
  4852 | D:5      | Reached skill level 5 in Fighting
  4915 | D:6      | Reached skill level 1 in Throwing
  4915 | D:6      | Gained mutation: You have razor-sharp teeth. [Vine Stalker
                  | growth]
  4915 | D:6      | Reached XP level 8. HP: 43/43 MP: 9/9
  5002 | D:6      | Killed from afar by a steam dragon

Illustrated notes

Levels and vault maps discovered:
D:1:      zelgadis_glass_arrival_small, layout_loops_cross, solitary_fountain
D:2:      layout_loops_ring, serial_forest, infiniplex_forest_3_way,
          infiniplex_forest_fountain, infiniplex_forest_lined_2,
          infiniplex_forest_clump_double, infiniplex_forest_clump_tiny,
          infiniplex_forest_lined_corner, ebering_ecumenical_altar_abandoned
D:3:      layout_basic, nicolae_uskayaw_suspiria, marbit_many_paths,
          lemuel_crystal_altar, dreamdust_princess_bridge
D:4:      layout_basic, minmay_temple_entry_mist, kennysheep_generic_room_2
D:5:      layout_basic, amcnicky_altar_gilded, makhleb_heckhound_becter,
          uniq_crazy_yiuf_cottage
D:6:      layout_cave_pools, vehumet_crystals, serial_column_ruins,
          column_ruins_circle_small, column_ruins_courtyard_long_water,
          column_ruins_grid_3, column_ruins_grid_1, column_ruins_columns_corner,
          column_ruins_corridor_corner, column_ruins_columns_straight,
          column_ruins_open_medium_water
Temple:   hellmonk_temple_divided_pantheon

Skill      XL: |  1  2  3  4  5  6  7 |
---------------+----------------------+-----
Stealth        | 3 4 |  4.0
Short Blades   | 3 4 5 6 |  6.9
Fighting       | 3 4 5 |  5.1
Throwing       | 1 |  1.2
Dodging        | |  2.4

Action                   |  1- 3 |  4- 6 |  7- 9 || total
-------------------------+-------+-------+-------++-------
Melee: Short sword       |   104 |   218 |    99 ||   421
       Bite              |    23 |    68 |    57 ||   148
       Punch             |       |     4 |     4 ||     8
       Dagger            |       |       |    67 ||    67
Throw: Javelin           |       |       |     5 ||     5
Evoke: Wand              |       |       |     1 ||     1
  Use: Scroll            |       |       |     7 ||     7
 Stab: Sleeping          |     7 |     1 |     1 ||     9
       Distracted        |       |       |     1 ||     1
       Paralysed         |       |       |     1 ||     1
Armor: Robe              |    13 |       |       ||    13
       Scale mail        |       |    71 |    63 ||   134
Dodge: Dodged            |    46 |    97 |   101 ||   244
